 Dungeon Crawl Stone Soup version 0.19.1-1-g22dce08 (webtiles) character file.

70 Alarkh the Chopper (level 4, 34/35 HPs)
             Began as a Demonspawn Monk on Jan 11, 2017.
             Quit the game on level 3 of the Dungeon.
             The game lasted 00:01:34 (1905 turns).

Alarkh the Chopper (Demonspawn Monk)                Turns: 1905, Time: 00:01:35

Health: 34/35      AC:  2    Str: 11    XL:     4   Next: 3%
Magic:  4/4        EV: 13    Int: 13    God:
Gold:   85         SH:  3    Dex: 15    Spells: 0 memorised, 3 levels left

rFire  . . .     SeeInvis .     a - +0 hand axe
rCold  . . .     Gourm    .     b - +0 robe
rNeg   + . .     Faith    .     (no shield)
rPois  .         Spirit   .     (no helmet)
rElec  .         Reflect  +     (no cloak)
rCorr  .         Harm     .     (no gloves)
MR     .....                    (no boots)
Stlth  ++........               r - +3 amulet of reflection
                                (no ring)
                                h - ring of positive energy

@: no status effects
A: hooves 1, rot immunity
a: no special abilities


You were on level 3 of the Dungeon.
You were not hungry.

You visited 1 branch of the dungeon, and saw 3 of its levels.

You collected 85 gold pieces.

Inventory:

Hand Weapons
 a - a +0 hand axe (weapon)
Missiles
 p - a throwing net (quivered)
Armour
 b - a +0 robe (worn)
Jewellery
 h - a ring of positive energy (left hand)
 r - a +3 amulet of reflection (around neck)
Scrolls
 e - a scroll of identify
 g - a scroll of noise {unknown}
 j - a scroll of remove curse {unknown}
 l - a scroll of recharging {unknown}
Potions
 d - a potion of flight {unknown}
 f - 2 potions of agility {unknown}
 i - a potion of ambrosia {unknown}
 k - a potion of mutation {unknown}
 m - a potion of curing {unknown}
 o - a potion of heal wounds {unknown}
 q - a potion of invisibility {unknown}
Comestibles
 c - 5 bread rations


   Skills:
 - Level 3.0 Fighting
 + Level 4.4 Axes
 - Level 2.6 Dodging
 - Level 1.7 Stealth


You had 3 spell levels left.
You didn't know any spells.

Dungeon Overview and Level Annotations

Branches:
Dungeon (3/15)

Altars:


Innate Abilities, Weirdness & Mutations

You have large cloven feet.
You are immune to rotting.


Message History

A dart slug comes into view.
Found a scroll labeled OQOIMI IZAOGA.
The leopard gecko moves out of view.
You start resting.
All of the chunks of flesh in your inventory have rotted away.
You start resting.
You barely miss the dart slug. You hit the dart slug.
The dart slug is heavily wounded.
The dart slug bites you but does no damage.
You hit the dart slug but do no damage.
The dart slug is heavily wounded.
The dart slug launches a dart at you. The slug dart misses you.
You slash the dart slug!
You kill the dart slug!
You have reached level 4!
You feel clever.
Your demonic ancestry asserts itself...
Your feet thicken and deform.
Are you sure you want to abandon this character and quit the game? (Confirm with "yes".)

.....≈≈...# ≈≈
#≈?.[#l.≈≈≈≈..#
#≈≈≈≈≈≈≈≈≈≈≈≈≈≈#.##
≈≈≈≈≈≈≈≈≈≈#≈≈≈≈..#
.≈≈≈#≈≈≈≈≈≈≈≈≈...#
#≈≈≈≈≈≈≈≈≈#≈≈≈#..#
#w≈≈≈#≈≈≈≈≈≈###.#
#.≈w≈≈≈≈≈.###..#
#≈≈.≈≈##.#@.##
###......†.##
##########


There were no monsters in sight!

Vanquished Creatures
  3 oozes (D:3)
  A worm (D:1)
  6 dart slugs (D:3)
  2 leopard geckos
  2 bats (D:2)
  2 giant cockroaches (D:2)
  4 goblins
  7 hobgoblins
  2 jackals (D:1)
  3 kobolds (D:2)
  2 frilled lizards (D:2)
  4 rats
38 creatures vanquished.

Notes
Turn   | Place    | Note
-------+----------+-------------------------------------------
     0 | D:1      | Alarkh the Demonspawn Monk began the quest for the Orb.
     0 | D:1      | Reached XP level 1. HP: 18/18 MP: 1/1
    67 | D:1      | Reached skill level 3 in Axes
   470 | D:1      | Gained mutation: You are immune to rotting. [demonic ancestry]
   470 | D:1      | Reached XP level 2. HP: 16/24 MP: 2/2
  1310 | D:2      | Reached XP level 3. HP: 24/29 MP: 3/3
  1522 | D:3      | Reached skill level 4 in Axes
  1904 | D:3      | Gained mutation: You have large cloven feet. [demonic ancestry]
  1904 | D:3      | Reached XP level 4. HP: 34/35 MP: 4/4
  1905 | D:3      | Quit the game

Skill      XL: |  1  2  3 |
---------------+----------+-----
Axes           | 3 4 |  4.4
Fighting       | |  3.0
Dodging        | |  2.6
Stealth        | |  1.7

Action                   |  1- 3 |  4- 6 || total
-------------------------+-------+-------++-------
Melee: Hand axe          |   143 |       ||   143
  Use: Scroll            |     1 |       ||     1
 Stab: Sleeping          |     5 |       ||     5
  Eat: Chunk             |     3 |       ||     3
Armor: Robe              |    20 |       ||    20
Dodge: Dodged            |    94 |       ||    94
Block: Other             |     4 |       ||     4
